 Dungeon Crawl Stone Soup version 0.19.0-19-g8c6edcc (webtiles) character file.

3652 lorenzova the Fighter (level 9, 0/85 HPs)
             Began as a Minotaur Monk on Nov 14, 2016.
             Was an Elder of Qazlal.
             Slain by a freezing wraith (10 damage)
             ... on level 9 of the Dungeon.
             The game lasted 00:10:43 (6776 turns).

lorenzova the Fighter (Minotaur Monk)               Turns: 6776, Time: 00:10:44

Health: 0/85       AC: 16    Str: 20    XL:     9   Next: 88%
Magic:  8/8        EV: 16    Int:  7    God:    Qazlal [****..]
Gold:   518        SH:  5    Dex: 12    Spells: 0 memorised, 8 levels left

rFire  . . .     SeeInvis .     x - +0 hand axe (pain)
rCold  + . .     Gourm    .     r - +4 ring mail {MR+}
rNeg   . . .     Faith    .     (no shield)
rPois  .         Spirit   .     (helmet restricted)
rElec  .         Reflect  .     h - +2 cloak
rCorr  .         Harm     .     (no gloves)
MR     +....                    n - +0 pair of boots
Stlth  +.........               (no amulet)
                                C - ring of protection from cold
                                v - ring of wizardry

@: slowed, repel missiles, very slow
A: retaliatory headbutt, horns 2
a: Upheaval, Elemental Force, Renounce Religion


You were on level 9 of the Dungeon.
You worshipped Qazlal.
Qazlal was greatly pleased with you.
You were hungry.

You visited 2 branches of the dungeon, and saw 10 of its levels.

You collected 518 gold pieces.

Inventory:

Hand Weapons
 a - a +0 hand axe
 x - a +0 hand axe of pain (weapon)
 K - a +1 dire flail of protection
Armour
 b - a +0 robe
 d - a +0 ring mail
 h - a +2 cloak (worn)
 n - a +0 pair of boots (worn)
 r - a +4 ring mail of magic resistance (worn)
 y - a +0 troll leather armour {Purgy}
Jewellery
 v - a ring of wizardry (left hand)
 C - a ring of protection from cold (right hand)
Wands
 E - a wand of enslavement (16/24)
 F - a wand of acid (10/15)
 I - a wand of polymorph (7/24)
Scrolls
 f - 4 scrolls of remove curse
 k - 3 scrolls of fog {unknown}
 o - 2 scrolls of identify
 q - 6 scrolls of teleportation {unknown}
 t - 2 scrolls of immolation {unknown}
 w - 3 scrolls of noise {unknown}
 z - a scroll of enchant armour {unknown}
 D - a scroll of blinking {unknown}
 H - a scroll of enchant weapon {unknown}
Potions
 e - a potion of brilliance
 g - 2 potions of haste
 i - 4 potions of might
 l - 2 potions of flight
 m - 4 potions of heal wounds
 p - 3 potions of curing
 s - a potion of resistance
 u - 3 potions of lignification
 A - a potion of agility
 B - a potion of berserk rage
 G - a potion of cure mutation {unknown}
 J - 2 potions of invisibility {unknown}
Comestibles
 c - 5 bread rations
 j - 7 meat rations


   Skills:
 + Level 10.3 Fighting
 - Level 3.6 Axes
 + Level 9.8 Armour
 + Level 9.6 Dodging
 - Level 1.5 Stealth


You had 8 spell levels left.
You didn't know any spells.

Dungeon Overview and Level Annotations

Branches:
Dungeon (9/15)             Temple (1/1) D:4
   Lair: D:8-11         Orc: D:9-12

Altars:
Cheibriados
Dithmenos
Elyvilon
Fedhas
Gozag
Kikubaaqudgha
Makhleb
Nemelex Xobeh
Qazlal
Yredelemnul
Zin
The Shining One

Shops:
D:5 }


Innate Abilities, Weirdness & Mutations

You reflexively headbutt those who attack you in melee.
You have a pair of horns on your head.


Message History

The freezing wraith closely misses you. The freezing wraith misses you.
The freezing wraith completely misses you.
Your ring mail prevents you from hitting the freezing wraith.
The freezing wraith is almost destroyed.
The freezing wraith hits you but does no damage. x2
You hit the freezing wraith but do no damage.
Your headbutt misses the freezing wraith.
The freezing wraith is almost destroyed.
You block the freezing wraith's attack. The freezing wraith hits you.
* * * LOW HITPOINT WARNING * * *
The freezing wraith drains your vigour!
You feel as though you will be slow longer.
The freezing wraith misses you. You furiously retaliate!
You headbutt the freezing wraith, but do no damage.
The freezing wraith hits you but does no damage.
You hit the freezing wraith but do no damage.
You headbutt the freezing wraith.
The freezing wraith is almost destroyed.
The freezing wraith hits you!
You die...

#.#.###........[..(#...#..#.#
#.#.#.+........)(..#.#.####.#
#.#.#.#.........)..#.#......#
#.#.#.'...........>##########
#.#.###........#####
#.#...'........#
#.#####....§§..#
##.#####......§.#
#.............@W#
###############≈# #..# ##.#
.. .[. ..# .##


You could see a freezing wraith.

Vanquished Creatures
  Grinder (D:3)
  The ghost of Azzok the Covert, an amateur SpEn (D:4)
  A water moccasin (D:5)
  2 orc warriors
  2 ice beasts
  Purgy (D:3)
  3 sky beasts
  A black bear (D:7)
  5 centaurs
  5 ogres
  5 bullfrogs
  3 scorpions
  A water moccasin skeleton (D:5)
  5 howler monkeys
  A crimson imp (D:8)
  2 jellies
  2 orc priests
  2 hounds
  4 orc wizards
  Crazy Yiuf (D:3)
  3 bullfrog skeletons
  A gnoll shaman (D:4)
  4 worker ants
  A worker ant zombie (D:6)
  6 gnolls
  7 adders
  2 shadow imps
  2 oozes
  A worm (D:2)
  6 dart slugs
  3 leopard geckos
  20 orcs
  7 giant cockroaches
  9 goblins
  2 hobgoblins (D:1)
  5 jackals
  3 quokkas
  4 ball pythons
  12 bats
  7 frilled lizards
  11 kobolds
  A leopard gecko skeleton (D:5)
  4 rats
169 creatures vanquished.

Notes
Turn   | Place    | Note
-------+----------+-------------------------------------------
     0 | D:1      | lorenzova the Minotaur Monk began the quest for the Orb.
     0 | D:1      | Reached XP level 1. HP: 19/19 MP: 0/0
    95 | D:1      | Reached skill level 1 in Armour
   275 | D:1      | Reached skill level 4 in Fighting
   275 | D:1      | Reached XP level 2. HP: 27/27 MP: 1/1
   385 | D:1      | Reached XP level 3. HP: 33/33 MP: 2/2
   859 | D:2      | Found a snail-covered altar of Cheibriados.
  1388 | D:2      | Found a glowing silver altar of Zin.
  1388 | D:2      | Found a basalt altar of Yredelemnul.
  1448 | D:2      | Reached XP level 4. HP: 35/41 MP: 3/3
  1774 | D:3      | Noticed Purgy
  1876 | D:4      | Noticed an ogre
  1887 | D:4      | Killed an ogre
  1887 | D:4      | Reached skill level 5 in Fighting
  1887 | D:4      | Reached XP level 5. HP: 26/48 MP: 4/4
  2085 | D:4      | Noticed Azzok's ghost (amateur SpEn)
  2095 | D:4      | Killed Azzok's ghost
  2095 | D:4      | Reached skill level 5 in Dodging
  2095 | D:4      | Reached XP level 6. HP: 57/57 MP: 5/5
  2096 | D:4      | Found a staircase to the Ecumenical Temple.
  2300 | D:5      | Entered Level 5 of the Dungeon
  2506 | D:5      | Noticed a water moccasin
  2519 | D:5      | Killed a water moccasin
  2519 | D:5      | Reached skill level 6 in Fighting
  2519 | D:5      | Reached skill level 5 in Armour
  2519 | D:5      | Reached XP level 7. HP: 27/63 MP: 6/6
  2714 | Temple   | Entered the Ecumenical Temple
  2814 | Temple   | Became a worshipper of Qazlal Stormbringer
  2814 | Temple   | Reached * piety under Qazlal
  2814 | Temple   | Reached ** piety under Qazlal
  3263 | D:3      | Killed Purgy
  3394 | D:3      | Noticed Grinder
  3397 | D:3      | Paralysed by Grinder for 2 turns
  3413 | D:3      | Paralysed by Grinder for 4 turns
  3417 | D:3      | Killed Grinder
  3417 | D:3      | Reached skill level 7 in Fighting
  3563 | D:3      | Found an ancient bone altar of Kikubaaqudgha.
  3651 | D:3      | Found a faded altar of an unknown god.
  3681 | D:3      | Found a runed door.
  3685 | D:3      | Noticed Crazy Yiuf
  3694 | D:3      | Killed Crazy Yiuf
  4007 | D:5      | Reached XP level 8. HP: 73/73 MP: 7/7
  4008 | D:5      | Found Abek's Gadget Boutique.
  4315 | D:5      | Reached skill level 8 in Fighting
  4507 | D:6      | Reached *** piety under Qazlal
  4949 | D:6      | Reached XP level 9. HP: 74/82 MP: 8/8
  5296 | D:6      | Found a shadowy altar of Dithmenos.
  5296 | D:6      | Found a faded altar of an unknown god.
  5330 | D:6      | Found a faded altar of an unknown god.
  5332 | D:6      | Found a blossoming altar of Fedhas.
  5333 | D:6      | Found a faded altar of an unknown god.
  5471 | D:7      | Reached skill level 9 in Fighting
  6345 | D:8      | Reached **** piety under Qazlal
  6345 | D:8      | Reached skill level 10 in Fighting
  6641 | D:9      | Found a glowing golden altar of the Shining One.
  6748 | D:9      | Noticed a freezing wraith
  6776 | D:9      | Slain by a freezing wraith

Skill      XL: |  1  2  3  4  5  6  7  8  9 |
---------------+----------------------------+-----
Armour         | 1 2 3 4 5 6 8 9 |  9.8
Fighting       | 4 5 6 7 8 10 | 10.3
Dodging        | 4 5 6 8 9 |  9.6
Axes           | |  3.6
Stealth        | |  1.5

Action                   |  1- 3 |  4- 6 |  7- 9 || total
-------------------------+-------+-------+-------++-------
Melee: Hand axe          |    80 |   113 |   413 ||   606
       Headbutt          |    12 |    25 |    98 ||   135
  Use: Potion            |       |     1 |       ||     1
       Scroll            |       |       |    10 ||    10
 Stab: Sleeping          |       |     1 |       ||     1
  Eat: Chunk             |     2 |     2 |    12 ||    16
       Fruit             |       |       |     3 ||     3
Armor: Ring mail         |    32 |    40 |   174 ||   246
       Troll leather arm |       |       |     6 ||     6
Dodge: Dodged            |    55 |   103 |   283 ||   441
       Deflected         |       |       |     2 ||     2
Block: Other             |       |       |    83 ||    83
